 Dungeon Crawl Stone Soup version 0.30-a0-23-ge60ba3568b (webtiles) character file.

Game seed: 12271998178550329682

1926 spiderkeys the Digger (level 9, -17/51 HPs)
             Began as an Octopode Earth Elementalist on Aug 25, 2022.
             Was an Initiate of Hepliaklqana.
             Demolished by an orc warrior
             ... wielding a +0 mace
              (18 damage)
             ... on level 6 of the Dungeon.
             The game lasted 00:13:59 (6715 turns).

spiderkeys the Digger (Octopode Earth Elementalist) Turns: 6715, Time: 00:14:00

Health: -17/51     AC:  8    Str:  7    XL:     9   Next: 17%
Magic:  0/16       EV: 13    Int: 21    God:    Hepliaklqana [......]
Gold:   118        SH:  0    Dex: 19    Spells: 7/18 levels left

rFire   . . .      SeeInvis .    e - +2 trident (protect)
rCold   . . .      Faith    .    (no shield)
rNeg    . . .      Spirit   +    (helmet restricted)
rPois   .          Reflect  .    G - amulet of guardian spirit
rElec   .          Harm     .    D - +6 ring of dexterity
rCorr   .          Rampage  .    (no ring)
Will    .....                    (no ring)
Stlth   ++++......               (no ring)
HPRegen 0.17/turn                (no ring)
MPRegen 0.15/turn                (no ring)
                                 (no ring)
                                 (no ring)

@: brilliant, under a protective aura
A: almost no armour, amphibious, 8 rings, camouflage 1, gelatinous body 1,
(nimble swimmer 1), tentacles
a: Renounce Religion


You were on level 6 of the Dungeon.
You worshipped Hepliaklqana.
Hepliaklqana was noncommittal.
You visited 2 branches of the dungeon, and saw 7 of its levels.

You collected 257 gold pieces.
You spent 139 gold pieces at shops.


Innate Abilities, Weirdness & Mutations

You cannot wear most types of armour.
You are amphibious.
You can wear up to eight rings at the same time.
Your skin changes colour to match your surroundings (Stealth+).
Your rubbery body absorbs attacks. (AC +1, EV +1)
((You are camouflaged when in or above water. (Stealth+)))
You have tentacles for arms and can constrict up to eight enemies at once.


   Skills:
 - Level 2.0 Dodging
 - Level 5.0 Stealth
 - Level 5.1 Spellcasting
 + Level 6.0 Conjurations
 - Level 1.0 Transmutations
 * Level 4.4 Ice Magic
 + Level 6.9 Earth Magic


You had 7 spell levels left.
You knew the following spells:

 Your Spells              Type           Power      Damage    Failure   Level
a - Stone Arrow           Conj/Erth      98%        3d13      2%          3
f - Frozen Ramparts       Ice            70%        1d11      5%          3
h - Hailstorm             Conj/Ice       41%        3d10      12%         4
s - Sandblast             Erth           100%       2d20      1%          1

Your spell library contained the following spells:

 Spells                   Type           Power      Damage    Failure   Level
 Freeze                   Ice            100%       1d11      1%          1
 Passwall                 Tmut/Erth      27%        N/A       3%          2
 Ozocubu's Armour         Ice            35%        N/A       5%          3
 Blink                    Tloc           16%        N/A       16%         2
 Call Imp                 Summ           8%         N/A       16%         2
 Petrify                  Tmut/Erth      33%        N/A       21%         4
 Lesser Beckoning         Tloc           8%         N/A       32%         3
 Summon Ice Beast         Ice/Summ       21%        N/A       41%         4
 Corpse Rot               Necr/Pois/Air  8%         N/A       71%         4
 Dispel Undead            Necr           8%         3d8       71%         4
 Metabolic Englaciation   Hex/Ice        10%        N/A       77%         5
 Manifold Assault         Tloc           8%         N/A       96%         5
 Summon Mana Viper        Hex/Summ       8%         N/A       96%         5
 Death Channel            Necr           4%         N/A       100%        6
 Simulacrum               Ice/Necr       10%        N/A       100%        6
 Monstrous Menagerie      Summ           4%         N/A       100%        7

Inventory:

Hand Weapons
 d - a +0 dagger
   (You found it on level 1 of the Dungeon)
 e - a +2 trident of protection (weapon)
   (You found it on level 1 of the Dungeon)
Missiles
 g - 34 stones
 u - 7 poisoned darts
Magical Staves
 b - a staff of fire {!a}
   (You found it on level 1 of the Dungeon)
 m - a staff of death {!a}
   (You found it on level 4 of the Dungeon)
 y - a staff of poison {!a}
   (You found it on level 5 of the Dungeon)
Jewellery
 D - a +6 ring of dexterity (left tentacle)
   (You found it on level 2 of the Dungeon)
 G - an amulet of guardian spirit (around mantle)
   (You found it on level 2 of the Dungeon)
 P - a ring of poison resistance
   (You found it on level 5 of the Dungeon)
Wands
 p - a wand of roots (2)
   (You took it off Ijyb on level 3 of the Dungeon)
 v - a wand of flame (8)
   (You took it off Sigmund on level 4 of the Dungeon)
Scrolls
 c - 3 scrolls of teleportation {@r4}
 i - 3 scrolls of identify {@r1}
 j - 2 scrolls of brand weapon
 l - a scroll of immolation {!r!r}
 n - a scroll of poison {!r}
 o - a scroll of enchant weapon
 q - 2 scrolls of noise {!r}
 x - a scroll of blinking {unknown}
 z - a scroll of enchant armour {unknown}
Potions
 a - a potion of magic
 f - 3 potions of lignification {!q}
 h - 3 potions of curing {@q1}
 k - a potion of brilliance
 r - a potion of heal wounds {unknown}
 s - 2 potions of berserk rage {unknown}
 t - 2 potions of might
 w - a potion of flight {unknown}

Dungeon Overview and Level Annotations

Branches:
Dungeon (6/15) Zot: 26254  Temple (1/1) D:5 Zot: 5863

Altars:
Dithmenos
Elyvilon
Fedhas
Hepliaklqana
Makhleb
Nemelex Xobeh
Okawaru
Qazlal
Ru
Sif Muna
Trog
Uskayaw
Wu Jian
Xom
Yredelemnul
Zin
The Shining One

Shops:
D:4 *

Annotations:
D:6 Duvessa

#.# #.# #########
#.####### ##..
#######.......###........
#....
............)............
....#
........##.######.#####..
..... ........##.# #.#
..#.. ........##.# #.#
..#..
###'###.##.######{####
#.# #.##..........@{...#
. #..
#.######.######o...#
...#.. #.# ..# #....#
...... ###.# #....# #....
....# #.........#.....#
o#### #...###.........#
.# #.... .##.### # .#
....#. . # .# #####
..(..... ..


You could see an orc warrior.


Message History

Press: ? - help, Shift-Dir - straight line, f/p - orc warrior
Aim: an orc warrior, wielding a +0 mace and wearing a +1 plate armour of cold resistance (heavily wounded, 74% to hit)
The stone arrow hits the orc warrior. 😎 MP[-3]
You lost 3 mp, and now have 5/16 mp.
Casting: Stone Arrow (dangerous; 2% risk of failure)
Confirm with . or Enter, or press ? or * to list all spells.
Aiming: Sandblast (safe; 1% risk of failure)
Press: ? - help, Shift-Dir - straight line, f/p - orc warrior
Aim: an orc warrior, wielding a +0 mace and wearing a +1 plate armour of cold resistance (severely wounded, 84% to hit)
The blast of sand misses the orc warrior.
The orc warrior barely misses you.
The orc wizard gestures wildly while chanting.
The orc wizard flickers and vanishes!
Deactivating autopickup; reactivate with Ctrl-A.
The orc warrior misses you. 😎 MP[-1]
You lost 1 mp, and now have 4/16 mp.
Casting: Sandblast (safe; 1% risk of failure)
Confirm with . or Enter, or press ? or * to list all spells.
Aiming: Sandblast (safe; 1% risk of failure)
Press: ? - help, Shift-Dir - straight line, f/p - orc warrior
Aim: an orc warrior, wielding a +0 mace and wearing a +1 plate armour of cold resistance (severely wounded, 84% to hit)
The blast of sand hits the orc warrior but does no damage.
An orc wizard comes into view. It is wielding a +0 dagger.
The orc warrior closely misses you. 😎 MP[-1]
You lost 1 mp, and now have 3/16 mp.
The orc wizard shouts!
You hit the orc warrior but do no damage.
Your weapon exudes an aura of protection.
You grab the orc warrior. You constrict the orc warrior.
The orc warrior hits you with a +0 mace.
Something hits you but does no damage. 😕 HP[-2] MP[+1]
You take 2 damage, and now have 49/51 hp.
You hit the orc warrior but do no damage.
You squeeze the orc warrior, but do no damage.
You constrict the orc warrior, but do no damage.
The orc warrior closely misses you.
The orc wizard casts a spell.
The orc wizard flickers and vanishes!
Something hits you.
The orc warrior hits you with a +0 mace!! 😮 HP[-17] MP[-1]
You take 17 damage, and now have 32/51 hp.
MASSIVE DAMAGE!! (PAUSE)
You lost 1 mp, and now have 3/16 mp.
You hit the orc warrior. You constrict the orc warrior.
Something hits you but does no damage.
The orc warrior hits you with a +0 mace. 😮 HP[-4] MP[-1]
You take 4 damage, and now have 28/51 hp.
You lost 1 mp, and now have 2/16 mp.
You hit the orc warrior but do no damage.
You constrict the orc warrior, but do no damage.
Something hits you.
The orc warrior hits you with a +0 mace.
* * * LOW HITPOINT WARNING * * *
Something hits you but does no damage. 😨 HP[-5] MP[-1]
You take 5 damage, and now have 23/51 hp.
You lost 1 mp, and now have 1/16 mp.
You barely miss the orc warrior.
You squeeze the orc warrior, but do no damage.
You constrict the orc warrior, but do no damage.
The orc warrior hits you with a +0 mace.
* * * LOW HITPOINT WARNING * * *
Something hits you but does no damage.
The orc warrior hits you with a +0 mace!
* * * LOW HITPOINT WARNING * * *
😱 HP[-15]
You take 15 damage, and now have 8/51 hp.
MASSIVE DAMAGE!! (PAUSE)
You hit the orc warrior but do no damage.
You squeeze the orc warrior, but do no damage.
You constrict the orc warrior. Something hits you.
* * * LOW HITPOINT WARNING * * *
The orc warrior barely misses you. 😱 HP[-1] MP[+1]
You take 1 damage, and now have 7/51 hp.
You hit the orc warrior but do no damage.
You constrict the orc warrior, but do no damage.
Something hits you.
* * * LOW HITPOINT WARNING * * *
You hear some strange, mumbled words.
A puff of flame appears from out of thin air!
The puff of flame misses you.
The orc warrior hits you with a +0 mace.
* * * LOW HITPOINT WARNING * * *
You hear some strange, mumbled words.
A puff of flame appears from out of thin air!
The puff of flame misses you.
Something hits you but does no damage. 😱 HP[-6] MP[-2]
You take 6 damage, and now have 1/51 hp.
You lost 2 mp, and now have 0/16 mp.
It was a potion of brilliance.
You feel clever all of a sudden.
You constrict the orc warrior, but do no damage.
The orc warrior hits you with a +0 mace!!
You die...

Skill      XL: |  1  2  3  4  5  6  7  8  9 |
---------------+----------------------------+-----
Stealth        | 3 4 5 |  5.0
Conjurations   | 1 2 3 4 5 6 |  6.0
Spellcasting   | 3 4 5 |  5.1
Earth Magic    | 4 5 6 |  6.9
Ice Magic      | 3 4 |  4.4
Dodging        | |  2.0
Transmutations | |  1.0

Action                   |  1- 3 |  4- 6 |  7- 9 || total
-------------------------+-------+-------+-------++-------
Melee: Unarmed           |    11 |       |       ||    11
       Constrict         |     5 |     1 |     6 ||    12
       Tentacles         |     3 |       |    10 ||    13
       Punch             |     1 |       |     1 ||     2
       Trident           |     5 |     3 |    32 ||    40
Throw: Stone             |     2 |       |       ||     2
       Dart              |       |     3 |     5 ||     8
 Cast: Sandblast         |    61 |    31 |    17 ||   109
       Stone Arrow       |       |       |    47 ||    47
       Frozen Ramparts   |       |       |     1 ||     1
Evoke: Wand              |       |     2 |    15 ||    17
  Use: Scroll            |       |     1 |     7 ||     8
       Potion            |       |       |     6 ||     6
 Stab: Sleeping          |     1 |     1 |       ||     2
Armor: Skin              |     4 |     1 |    11 ||    16
Dodge: Dodged            |    37 |     5 |    32 ||    74

Levels and vault maps discovered:
D:1:      wander_arrival_chamber, layout_loops_ring
D:2:      layout_basic, hellmonk_ecumenical_altar_zigzags
D:3:      layout_loops_ring, nicolae_dithmenos_through_a_glass_darkly,
          uniq_ijyb, uniq_pargi
D:4:      layout_rooms, serial_shops, nicolae_shop_statue_plus, uniq_sigmund
D:5:      layout_basic, minmay_temple_entry_statues_fountains, feat_on_display,
          uniq_edmund, uniq_eustachio, uniq_grinder
D:6:      wander_river, layout_basic, hangedman_decor_points,
          hangedman_decor_lopped, uniq_prince_ribbit1, uniq_menkaure,
          uniq_duvessa
Temple:   nicolae_temple_bog_church

Notes
Turn   | Place    | Note
-------+----------+-------------------------------------------
     0 | D:1      | spiderkeys the Octopode Earth Elementalist began the quest
                  | for the Orb.
     0 | D:1      | Reached XP level 1. HP: 11/11 MP: 3/3
     0 | D:1      | magus.rc [v1.11.3]
   222 | D:1      | Reached skill level 3 in Stealth
   222 | D:1      | Reached XP level 2. HP: 17/17 MP: 1/5
   680 | D:1      | Reached skill level 1 in Conjurations
   724 | D:1      | Reached XP level 3. HP: 21/21 MP: 4/6
   728 | D:1      | Learned a level 3 spell: Stone Arrow
  1444 | D:2      | Found a faded altar of an unknown god.
  2151 | D:3      | Noticed Pargi
  2159 | D:3      | Killed Pargi
  2160 | D:3      | Reached skill level 4 in Stealth
  2160 | D:3      | Reached skill level 2 in Conjurations
  2160 | D:3      | Reached XP level 4. HP: 18/27 MP: 2/8
  2160 | D:3      | Reached XP level 5. HP: 21/31 MP: 2/9
  2178 | D:3      | Reached skill level 3 in Spellcasting
  2318 | D:3      | You pick up a book of Frost and begin reading...
  2318 | D:3      | You add the spells Freeze, Frozen Ramparts and Hailstorm to
                  | your library.
  2338 | D:3      | Noticed Ijyb
  2343 | D:3      | Killed Ijyb
  2344 | D:3      | Reached skill level 4 in Earth Magic
  2476 | D:3      | Found a shadowy altar of Dithmenos.
  2934 | D:3      | You pick up a book of Winter and begin reading...
  2934 | D:3      | You add the spells Ozocubu's Armour, Metabolic Englaciation
                  | and Simulacrum to your library.
  3055 | D:4      | Reached skill level 5 in Stealth
  3055 | D:4      | Reached XP level 6. HP: 33/36 MP: 2/10
  3116 | D:4      | Noticed Sigmund
  3123 | D:4      | Killed Sigmund
  3124 | D:4      | Reached skill level 3 in Conjurations
  3243 | D:4      | Reached XP level 7. HP: 41/41 MP: 9/12
  3283 | D:4      | You pick up a book of Spatial Translocations and begin
                  | reading...
  3283 | D:4      | You add the spells Blink, Lesser Beckoning and Manifold
                  | Assault to your library.
  3292 | D:4      | Found Ybaegixi's Assorted Antiques.
  3302 | D:4      | magus.rc [v1.11.3]
  3302 | D:4      | Bought 2 grey potions for 45 gold pieces
  3302 | D:4      | Bought a scroll labelled OLIECK BIYNU for 25 gold pieces
  3302 | D:4      | Bought a lumpy grey potion for 22 gold pieces
  3302 | D:4      | Bought a metallic sapphire potion for 22 gold pieces
  3302 | D:4      | Bought a scroll labelled YKOTRO TIYC for 25 gold pieces
  3632 | D:4      | Reached skill level 4 in Spellcasting
  3935 | D:5      | Entered Level 5 of the Dungeon
  3952 | D:5      | Reached skill level 5 in Earth Magic
  4038 | D:5      | Reached skill level 4 in Conjurations
  4130 | D:5      | Noticed Eustachio
  4144 | D:5      | HP: 9/41 [white imp/puff of frost[Eustachio] (8)]
  4146 | D:5      | HP: 4/41 [white imp/puff of frost[Eustachio] (5)]
  4155 | D:5      | HP: 7/41 [white imp/puff of frost[Eustachio] (9)]
  4425 | D:5      | Killed Eustachio
  4533 | D:5      | Noticed Edmund
  4541 | D:5      | Killed Edmund
  4542 | D:5      | Reached XP level 8. HP: 46/46 MP: 4/15
  4628 | D:5      | Found a staircase to the Ecumenical Temple.
  4750 | Temple   | Entered the Ecumenical Temple
  4772 | Temple   | Became a worshipper of Hepliaklqana the Forgotten
  4929 | D:5      | You pick up a book of Decay and begin reading...
  4929 | D:5      | You add the spells Corpse Rot, Dispel Undead and Death
                  | Channel to your library.
  4973 | D:5      | Reached skill level 5 in Spellcasting
  5029 | D:5      | You pick up a book of Beasts and begin reading...
  5029 | D:5      | You add the spells Summon Ice Beast, Summon Mana Viper and
                  | Monstrous Menagerie to your library.
  5256 | D:5      | Reached skill level 5 in Conjurations
  5256 | D:5      | Reached skill level 6 in Earth Magic
  5438 | D:5      | Got the Collected Works on the Swarm
  5443 | D:5      | Learned a level 3 spell: Frozen Ramparts
  5448 | D:5      | Learned a level 4 spell: Hailstorm
  5470 | D:5      | You pick up a book of Geomancy and begin reading...
  5594 | D:5      | Noticed Grinder
  5604 | D:5      | Killed Grinder
  5605 | D:5      | Reached skill level 2 in Ice Magic
  5985 | D:6      | Reached skill level 3 in Ice Magic
  6516 | D:6      | Noticed Duvessa
  6539 | D:6      | Reached XP level 9. HP: 51/51 MP: 12/16
  6565 | D:6      | Noticed Prince Ribbit
  6569 | D:6      | Killed Prince Ribbit
  6570 | D:6      | Reached skill level 6 in Conjurations
  6570 | D:6      | Reached skill level 4 in Ice Magic
  6712 | D:6      | HP: 8/51 [orc warrior/+0 mace (9)]
  6714 | D:6      | HP: 1/51 [orc warrior/+0 mace (4)]
  6715 | D:6      | Demolished by an orc warrior

Vanquished Creatures
  Grinder (D:5)
  Prince Ribbit (D:6)
  Sigmund (D:4)
  Eustachio (D:5)
  Edmund (D:5)
  Pargi (D:3)
  A sky beast (D:6)
  2 black bears (D:5)
  A bullfrog (D:6)
  3 scorpions
  A necrophage (D:6)
  A wight (D:5)
  2 hounds
  A jelly (D:5)
  2 iguanas (D:5)
  Ijyb (D:3)
  2 orc wizards (D:4)
  4 gnolls (D:4)
  5 adders
  A white imp (D:6)
  An ufetubus (D:5)
  A worm (D:2)
  4 dart slugs
  8 orcs
  7 endoplasms
  2 giant cockroaches
  5 goblins
  6 hobgoblins
  4 kobolds
  5 quokkas
  6 ball pythons
  8 bats
  7 frilled lizards
  A rat (D:3)
98 creatures vanquished.

Table legend:
 A = Non-vault XP
 B = Vault XP
 C = Vault XP percentage of total XP
 D = Non-vault monster count
 E = Vault monster count
 F = Vault count percentage of total count
                 A         B        C        D         E       F
            +---------+---------+-------+---------+---------+-------
      Total |    1426 |    1326 |  48.2 |      91 |       7 |   7.1
            +---------+---------+-------+---------+---------+-------
        D:1 |      44 |       0 |   0.0 |      28 |       0 |   0.0
        D:2 |      29 |       0 |   0.0 |      13 |       0 |   0.0
        D:3 |      63 |     170 |  73.0 |      15 |       2 |  11.8
        D:4 |     232 |     231 |  49.9 |      13 |       1 |   7.1
        D:5 |     690 |     642 |  48.2 |      14 |       3 |  17.6
        D:6 |     368 |     283 |  43.5 |       8 |       1 |  11.1
            +---------+---------+-------+---------+---------+-------

Illustrated notes

Table legend:
 A = Kills in this place as a percentage of kills in entire the game.
 B = Kills by you in this place as a percentage of kills by you in the entire game.
 C = Kills by friends in this place as a percentage of kills by friends in the entire game.
 D = Other kills in this place as a percentage of other kills in the entire game.
 E = Experience gained in this place as a percentage of experience gained in the entire game.
 F = Experience gained in this place divided by the number of levels of this place that you have seen.
                   A       B       C       D       E      F
               +-------+-------+-------+-------+-------+----------------------
         Total | 100.0 | 100.0 |   N/A |   N/A | 100.0 | 393.1
       Dungeon | 100.0 | 100.0 |   N/A |   N/A | 100.0 | 458.7
               +-------+-------+-------+-------+-------+----------------------

Table legend: (Time is in decaauts)
 A = Elapsed time spent in this place.
 B = Non-inter-level travel time spent in this place.
 C = Inter-level travel time spent in this place.
 D = Time resting spent in this place.
 E = Time spent auto-exploring this place.
 F = Levels seen in this place.
 G = Mean time per level.
                   A        B        C        D        E       F      G
               +--------+--------+--------+--------+--------+-----+--------+
         Total |   6784 |   6664 |    120 |    752 |   5088 |   7 |  969.1 |
       Dungeon |   6647 |   6536 |    111 |    752 |   4990 |   6 | 1107.8 |
        Temple |    136 |    127 |      9 |      0 |     98 |   1 |  136.0 |
               +--------+--------+--------+--------+--------+-----+--------+

Top non-repeatable levels by time:
     D:5: 2068 daAuts
     D:1: 1112 daAuts
     D:3: 1067 daAuts
     D:4: 1060 daAuts
     D:2: 1002 daAuts
     D:6: 336 daAuts
  Temple: 136 daAuts
